 Dungeon Sprint DCSS version 0.17-a0-2024-gc284f19 (webtiles) character file.

4068 Ordine the Ninja (level 10, -4/44 HPs)
             Began as a Spriggan Enchanter on Oct 10, 2015.
             Was a Priest of Makhleb.
             Slain by a trapdoor spider (17 damage)
             ... in the Dungeon (Sprint I: "Red Sonja").
             The game lasted 00:08:48 (990 turns).

Ordine the Ninja (Spriggan Enchanter)                Turns: 990, Time: 00:08:48

Health: -4/44      AC:  3    Str:  4      XL:     10   Next: 5%
Magic:  14/22      EV: 18    Int: 20      God:    Makhleb [***...]
Gold:   990        SH:  0    Dex: 16 (17) Spells: 4 memorised, 15 levels left

rFire  . . .     SeeInvis +     a - +1 dagger
rCold  . . .     Clarity  .     b - +1 robe
rNeg   . . .     SustAt   .     (shield restricted)
rPois  .         Gourm    .     (helmet restricted)
rElec  .         Spirit   .     (no cloak)
rCorr  .         Warding  .     (gloves unavailable)
rMut   .         NoTele   +     (boots unavailable)
MR     +....                    (no amulet)
Stlth  ++++++++++               (no ring)
                                (no ring)

@: lethally poisoned (-4 -> -20), very slightly contaminated, very quick,
somewhat resistant to hostile enchantments, uncannily stealthy
A: unfitting armour, see invisible, herbivore 3, speed 3, slow metabolism 2
a: Minor Destruction, Lesser Servant of Makhleb, Renounce Religion


You were in the Dungeon.
You worshipped Makhleb.
Makhleb was most pleased with you.
You were not hungry.

You visited 1 branch You collected 990 gold pieces.

Inventory:

Hand Weapons
 a - a +1 dagger (weapon)
 k - a +0 blowgun
Missiles
 i - 28 stones (quivered)
 l - 10 curare-tipped needles
Armour
 b - a +1 robe (worn)
Scrolls
 j - a scroll of blinking
Potions
 e - 3 potions of curing
 f - a potion of heal wounds
 g - a potion of haste
 h - a potion of magic
Comestibles
 c - a slice of pizza
 d - 2 bread rations


   Skills:
 - Level 10.0 Short Blades
 - Level 3.0 Dodging
 O Level 27 Stealth
 * Level 7.5 Spellcasting
 + Level 6.0 Hexes


You had 15 spell levels left.
You knew the following spells:

 Your Spells              Type           Power        Failure   Level  Hunger
a - Corona                Hex            ####...      1%          1    None
b - Ensorcelled Hibernat  Hex/Ice        ###...       4%          2    None
c - Confuse               Hex            ####....     2%          3    None
d - Dazzling Spray        Conj/Hex       ###.....     10%         3    None


Dungeon Overview and Level Annotations

Branches:
Dungeon (1/1)

Altars:
Cheibriados
Dithmenos
Elyvilon
Fedhas
Gozag
Kikubaaqudgha
Makhleb
Nemelex Xobeh
Okawaru
Qazlal
Ru
Sif Muna
Trog
Vehumet
Xom
Yredelemnul
Zin
The Shining One
Jiyva

Shops:
D [[[


Innate Abilities, Weirdness & Mutations

You are tiny and cannot use many weapons and most armour.
You have supernaturally acute eyesight.
You are a herbivore.
You cover ground extremely quickly.
You need consume almost no food.


Message History

You hear an angry hiss.
The trapdoor spider barely misses you. The trapdoor spider bites you.
You are poisoned.
The trapdoor spider poisons you!
Casting: Ensorcelled Hibernation
Confirm with . or Enter, or press ? or * to list all spells.
Aiming: Ensorcelled Hibernation
Press: ? - help, Shift-Dir - straight line, f/p - trapdoor spider
Aim: a trapdoor spider (chance to defeat MR: 50%)
You miscast Ensorcelled Hibernation.
Your hands glow momentarily.
You feel sick. The trapdoor spider bites you!!
Casting: Ensorcelled Hibernation
Confirm with . or Enter, or press ? or * to list all spells.
Aiming: Ensorcelled Hibernation
Press: ? - help, Shift-Dir - straight line, f/p - trapdoor spider
Aim: a trapdoor spider (chance to defeat MR: 50%)
The trapdoor spider resists with some effort.
* * * LOW HITPOINT WARNING * * *
You feel sick. The trapdoor spider bites you!
You die...

:).#..'..').#...#
#####'#__####...+
#...#.####§§#####
#..##.#≈≈≈§§#..#
##'#..'≈§§§§'§.#
.'..._#≈§§§§#§§#
##_.#'##§#####'###
###'#.#..§:###.'.#
###.####'###[###@#
.'...'.....')∩##s#
##.).###########§#
###.### #§#
#.#'#.# +§#
#.....# #.#
#.)...# #§#
####### +§#


You could see a trapdoor spider.

Vanquished Creatures
  2 centaur warriors (D)
  Sonja (D)
  A deep troll (D)
  An oklob plant (D)
  2 kobold demonologists (D)
  A slime creature (D)
  Sigmund (D)
  A yak (D)
  A wasp (D)
  An ogre (D)
  A jelly (D)
  Ijyb (D)
  A giant eyeball (D)
  6 ballistomycetes (D)
  A giant spore (D)
22 creatures vanquished.

Vanquished Creatures (others)
  A giant spore (D)
1 creature vanquished.

Grand Total: 23 creatures vanquished

Notes
Turn   | Place    | Note
--------------------------------------------------------------
     0 | D        | Ordine the Spriggan Enchanter began the quest for the Orb.
     0 | D        | Reached XP level 1. HP: 9/9 MP: 5/5
     2 | D        | Noticed Ijyb
    26 | D        | Killed Ijyb
    26 | D        | Reached skill level 10 in Stealth
    26 | D        | Reached XP level 2. HP: 5/13 MP: 6/6
   323 | D        | Noticed an ogre
   326 | D        | Killed an ogre
   326 | D        | Reached skill level 14 in Stealth
   326 | D        | Reached XP level 3. HP: 16/16 MP: 8/8
   326 | D        | Reached XP level 4. HP: 21/21 MP: 9/9
   338 | D        | Noticed Sigmund
   345 | D        | Learned a level 2 spell: Ensorcelled Hibernation
   347 | D        | Killed Sigmund
   347 | D        | Reached skill level 18 in Stealth
   347 | D        | Reached XP level 5. HP: 24/24 MP: 7/10
   347 | D        | Reached XP level 6. HP: 28/28 MP: 7/11
   352 | D        | Learned a level 3 spell: Confuse
   356 | D        | Learned a level 3 spell: Dazzling Spray
   371 | D        | Found a deep blue altar of Sif Muna.
   372 | D        | Noticed a jelly
   373 | D        | Found a radiant altar of Vehumet.
   377 | D        | Killed a jelly
   380 | D        | Found Ecios's Armour Emporium.
   380 | D        | Found a white marble altar of Elyvilon.
   380 | D        | Found a stormy altar of Qazlal.
   380 | D        | Found a burning altar of Makhleb.
   380 | D        | Found a sacrificial altar of Ru.
   380 | D        | Found a basalt altar of Yredelemnul.
   380 | D        | Found a glowing golden altar of the Shining One.
   380 | D        | Found a sparkling altar of Nemelex Xobeh.
   380 | D        | Found a shimmering altar of Xom.
   380 | D        | Found an opulent altar of Gozag.
   380 | D        | Found an ancient bone altar of Kikubaaqudgha.
   380 | D        | Found a glowing silver altar of Zin.
   380 | D        | Noticed a yak
   381 | D        | Found an iron altar of Okawaru.
   387 | D        | Killed a yak
   387 | D        | Reached skill level 20 in Stealth
   388 | D        | Found a bloodstained altar of Trog.
   395 | D        | Became a worshipper of Makhleb the Destroyer
   427 | D        | Found a snail-covered altar of Cheibriados.
   427 | D        | Found a viscous altar of Jiyva.
   427 | D        | Found a shadowy altar of Dithmenos.
   427 | D        | Found a blossoming altar of Fedhas.
   427 | D        | Noticed a slime creature
   430 | D        | Killed a slime creature
   430 | D        | Reached skill level 21 in Stealth
   430 | D        | Reached XP level 7. HP: 18/32 MP: 6/12
   567 | D        | Noticed Sonja
   571 | D        | Killed Sonja
   571 | D        | Acquired Makhleb's first power
   571 | D        | Reached skill level 24 in Stealth
   571 | D        | Reached XP level 8. HP: 36/36 MP: 13/13
   589 | D        | Found Eqoin's Armour Boutique.
   745 | D        | Noticed a centaur warrior
   746 | D        | Noticed a centaur warrior
   749 | D        | Killed a centaur warrior
   749 | D        | Reached skill level 26 in Stealth
   750 | D        | Killed a centaur warrior
   750 | D        | Reached skill level 27 in Stealth
   750 | D        | Reached XP level 9. HP: 39/39 MP: 14/14
   782 | D        | Noticed a deep troll
   784 | D        | Killed a deep troll
   784 | D        | Acquired Makhleb's second power
   797 | D        | Found Qogebut's Armour Emporium.
   820 | D        | Noticed a wasp
   823 | D        | Killed a wasp
   834 | D        | Noticed an oklob plant
   836 | D        | Killed an oklob plant
   836 | D        | Reached skill level 10 in Short Blades
   836 | D        | Reached skill level 5 in Spellcasting
   870 | D        | Noticed a kobold demonologist
   871 | D        | Noticed a kobold demonologist
   875 | D        | Paralysed by a giant eyeball for 4 turns
   883 | D        | Killed a kobold demonologist
   883 | D        | Reached skill level 5 in Hexes
   890 | D        | Paralysed by a giant eyeball for 2 turns
   896 | D        | Killed a kobold demonologist
   896 | D        | Acquired Makhleb's third power
   896 | D        | Reached XP level 10. HP: 39/44 MP: 11/22
   987 | D        | Noticed a trapdoor spider
   988 | D        | Noticed a trapdoor spider
   990 | D        | Slain by a trapdoor spider

Vault maps used:
D:        dungeon_sprint_1

Action                   |  1- 3 |  4- 6 |  7- 9 | 10-12 || total
-------------------------+-------+-------+-------+-------++-------
Melee: Dagger            |    22 |     5 |    88 |     1 ||   116
Throw: Stone             |       |       |     2 |       ||     2
 Cast: Ensorcelled Hiber |       |     4 |    10 |     3 ||    17
       Confuse           |       |       |     1 |       ||     1
  Use: Potion            |     1 |       |     1 |       ||     2
       Scroll            |       |       |     2 |       ||     2
 Stab: Sleeping          |     2 |     4 |     7 |     1 ||    14
       Confused          |       |       |     1 |       ||     1
